 Dungeon Crawl Stone Soup version 0.22-a0-166-g5351223 (webtiles) character file.

73 Amnesiac the Magician (level 4, -2/30 HPs)
             Began as a Mummy Earth Elementalist on Feb 13, 2018.
             Killed by miscasting Petrify (18 damage)
             ... on level 3 of the Dungeon.
             The game lasted 00:04:07 (2041 turns).

Amnesiac the Magician (Mummy Earth Elementalist)    Turns: 2041, Time: 00:04:07

Health: -2/30      AC:  2    Str: 11    XL:     4   Next: 8%
Magic:  4/8        EV: 12    Int: 15    God:
Gold:   102        SH:  0    Dex: 12    Spells: 2/9 levels left

rFire    x . .     SeeInvis .   e - +1 dagger (protect)
rCold    + . .     Gourm    .   (no shield)
rNeg     + + +     Faith    .   c - +0 robe
rPois    ∞         Spirit   .   (no helmet)
rElec    .         Reflect  .   (no cloak)
rCorr    .         Harm     .   (no gloves)
MR       .....                  (no boots)
Stlth    ++........             (no amulet)
HPRegen  0.10/turn              (no ring)
MPRegen  0.11/turn              (no ring)

@: very slightly contaminated
A: no food or potions, fire vulnerability, cold resistance 1, negative energy
resistance 3, torment resistance, unbreathing
a: no special abilities


You were on level 3 of the Dungeon.
You were not hungry.

You visited 1 branch of the dungeon, and saw 3 of its levels.

You collected 102 gold pieces.

Inventory:

Hand Weapons
 e - a +1 dagger of protection (weapon)
Missiles
 b - 74 stones (quivered)
 h - 13 poisoned needles
Armour
 c - a +0 robe (worn)
 j - a +0 pair of boots
Scrolls
 a - a scroll of remove curse {!r, unknown}
 f - 2 scrolls of teleportation {!r, unknown}
 g - a scroll of fog {!r, unknown}
 i - a scroll of enchant armour {!r, unknown}
 k - a scroll of random uselessness {!r, unknown}
 l - a scroll of identify {!r, unknown}
 m - a scroll of enchant weapon {!r, unknown}
Books
 d - a book of Geomancy

   Spells                             Type                      Level
   a - Sandblast                      Earth                        1
   b - Passwall                       Transmutation/Earth          2
   c - Stone Arrow                    Conjuration/Earth            3
   d - Petrify                        Transmutation/Earth          4
   e - Lee's Rapid Deconstruction     Earth                        5


   Skills:
 - Level 1.5 Dodging
 - Level 1.5 Stealth
 - Level 3.0 Spellcasting
 * Level 2.6 Transmutations
 + Level 3.0 Earth Magic


You had 2 spell levels left.
You knew the following spells:

 Your Spells              Type           Power        Failure   Level  Hunger
a - Sandblast             Erth           ##....       6%          1    N/A
b - Passwall              Tmut/Erth      ##........   10%         2    N/A
e - Petrify               Tmut/Erth      ##......     52%         4    N/A

Dungeon Overview and Level Annotations

Branches:
Dungeon (3/15)

Altars:
Yredelemnul


Innate Abilities, Weirdness & Mutations

You do not eat or drink.
Your flesh is vulnerable to fire.
You are immune to poison.
Your flesh is cold resistant. (rC+)
You are immune to negative energy. (rN+++)
You are immune to unholy pain and torment.
You can survive without breathing.


Message History

You hit the jackal skeleton.
Your weapon exudes an aura of protection.
The jackal skeleton is moderately damaged.
The jackal skeleton closely misses you.
You hit the jackal skeleton.
The jackal skeleton is severely damaged.
The jackal skeleton bites you but does no damage.
You hit the jackal skeleton.
You destroy the jackal skeleton!
The frilled lizard hisses angrily.
The frilled lizard bites you but does no damage.
You hit the frilled lizard.
You kill the frilled lizard!
No reachable target in view!
You open the door.
The human refuses to make way for you. (Use ctrl+direction to attack.)
You hit the human.
The human is lightly wounded.
The human hits you!
Casting: Sandblast (safe; 6% risk of failure)
Confirm with . or Enter, or press ? or * to list all spells.
Aiming: Sandblast (safe; 6% risk of failure)
Press: ? - help, Shift-Dir - straight line, f - human
Aim: a human (lightly wounded)
The blast of sand misses the human.
b - 75 stones The human hits you!
Casting: Sandblast (safe; 6% risk of failure)
Confirm with . or Enter, or press ? or * to list all spells.
Aiming: Sandblast (safe; 6% risk of failure)
Press: ? - help, Shift-Dir - straight line, f/p - human
Aim: a human (lightly wounded)
The blast of sand hits the human.
The human is lightly wounded.
b - 74 stones The human hits you.
* * * LOW HITPOINT WARNING * * *
You see here a frilled lizard corpse.
Casting: Sandblast (safe; 6% risk of failure)
Confirm with . or Enter, or press ? or * to list all spells.
The spell is very dangerous to cast (52% risk of failure)!
Continue anyway? [Y]es or [N]o only, please.
The spell is very dangerous to cast (52% risk of failure)!
Continue anyway? [Y]es or [N]o only, please.
The spell is very dangerous to cast (52% risk of failure)!
Continue anyway?
Okay, then.
There is a stone staircase leading down here.
You climb downwards.
A bat comes into view.
Found 10 gold pieces.
Found a stone staircase leading up.
There is a stone staircase leading up here.
Casting: Petrify (very dangerous; 52% risk of failure)
Confirm with . or Enter, or press ? or * to list all spells.
The spell is very dangerous to cast (52% risk of failure)!
Continue anyway? [Y]es or [N]o only, please.
The spell is very dangerous to cast (52% risk of failure)!
Continue anyway?
Aiming: Petrify (very dangerous; 52% risk of failure)
Press: ? - help, Shift-Dir - straight line, f - human
Aim: a human (chance to defeat MR: 41%)
You miscast Petrify.
You are very lightly contaminated with residual magic.
You are hit by flying rocks!
Ouch! That really hurt!
You die...

..#........
.#.......#
.........#
#........#
#........#
.........
##.$......
#.@.......
........p....<.
.........##..##
....##.#.. ##
... #b ..# ..
#. #.. . .. #..
.# ###


You could see a human and a bat.

Vanquished Creatures
  3 adders (D:2)
  4 dart slugs
  2 leopard geckos
  2 giant cockroaches (D:1)
  4 goblins
  4 hobgoblins
  4 jackals (D:1)
  3 kobolds
  2 bats
  2 frilled lizards (D:2)
  A jackal skeleton (D:2)
  7 rats
38 creatures vanquished.

Notes
Turn   | Place    | Note
-------+----------+-------------------------------------------
     0 | D:1      | Amnesiac the Mummy Earth Elementalist began the quest for the Orb.
     0 | D:1      | Reached XP level 1. HP: 13/13 MP: 4/4
   333 | D:2      | Reached XP level 2. HP: 16/19 MP: 3/5
   337 | D:2      | Learned a level 2 spell: Passwall
   383 | D:2      | Reached skill level 1 in Transmutations
   564 | D:2      | Reached XP level 3. HP: 24/24 MP: 5/7
  1484 | D:1      | Reached XP level 4. HP: 30/30 MP: 8/8
  1597 | D:1      | Learned a level 4 spell: Petrify
  1963 | D:2      | Found a runed door.
  1963 | D:2      | Noticed a human
  1967 | D:2      | Found a basalt altar of Yredelemnul.
  2041 | D:3      | Killed by miscasting Petrify

Vault maps used:
D:1:      doesnt_arrival_eight_statues
D:2:      first_ration, dk_yredelemnul_ordeal
D:3:      minmay_surrounded

Skill      XL: |  1  2  3 |
---------------+----------+-----
Transmutations | 1 2 |  2.6
Spellcasting   | 3 |  3.0
Earth Magic    | 3 |  3.0
Dodging        | |  1.5
Stealth        | |  1.5

Action                   |  1- 3 |  4- 6 || total
-------------------------+-------+-------++-------
Melee: Unarmed           |     4 |       ||     4
       Dagger            |   105 |    18 ||   123
 Cast: Sandblast         |    21 |     2 ||    23
 Stab: Sleeping          |     5 |       ||     5
Armor: Robe              |    44 |     7 ||    51
Dodge: Dodged            |    97 |     8 ||   105

Table legend:
 A = Spawn XP
 B = Non-spawn XP
 C = Spawn XP percentage of total XP
 D = Spawn monster count
 E = Non-spawn monster count
 F = Spawn count percentage of total count
 G = Total turns spent on level
                    A         B        C        D         E        F      G
               +---------+---------+-------+---------+---------+-------+---------
         Total |       0 |     105 |   0.0 |       0 |      38 |   0.0 |  2041
               +---------+---------+-------+---------+---------+-------+---------
           D:1 |       0 |      41 |   0.0 |       0 |      20 |   0.0 |  1110
           D:2 |       0 |      64 |   0.0 |       0 |      18 |   0.0 |   930
               +---------+---------+-------+---------+---------+-------+---------
